 Dungeon Crawl Stone Soup version 0.29.1-4-g47bece8355 (webtiles) character file.

Game seed: 10414122444055193981

633 GigaChad the Chopper (level 7, -9/62 HPs)
             Began as a Minotaur Fighter on Dec 7, 2022.
             Mangled by an ogre
             ... wielding a +0 giant club
              (33 damage)
             ... on level 5 of the Dungeon.
             The game lasted 00:03:58 (3841 turns).

GigaChad the Chopper (Minotaur Fighter)             Turns: 3841, Time: 00:03:58

Health: -9/62      AC:  7    Str: 23    XL:     7   Next: 24%
Magic:  6/6        EV:  9    Int:  5    God:
Gold:   189        SH:  4    Dex:  9    Spells: 6/6 levels left

rFire   . . .      SeeInvis .   a - +0 war axe
rCold   . . .      Faith    .   c - +0 buckler
rNeg    . . .      Spirit   .   b - +0 scale mail
rPois   .          Reflect  .   (helmet restricted)
rElec   .          Harm     .   (no cloak)
rCorr   .          Rampage  .   (no gloves)
Will    .....                   (no boots)
Stlth   ..........              (no amulet)
HPRegen 0.20/turn               (no ring)
MPRegen 0.10/turn               (no ring)

@: no status effects
A: horns 2, retaliatory headbutt
a: no special abilities


You were on level 5 of the Dungeon.
You visited 1 branch of the dungeon, and saw 5 of its levels.

You collected 189 gold pieces.

Inventory:

Hand Weapons
 a - a +0 war axe (weapon)
Armour
 b - a +0 scale mail (worn)
 c - a +0 buckler (worn)
 p - a +0 chain mail
Jewellery
 r - a +6 ring of strength
Scrolls
 e - 2 scrolls of magic mapping {unknown}
 f - 2 scrolls of fog {unknown}
 g - a scroll of vulnerability {unknown}
 i - a scroll of immolation {unknown}
 j - a scroll of amnesia {unknown}
 l - 6 scrolls of identify {unknown}
 m - 4 scrolls of teleportation {unknown}
 q - a scroll of poison {unknown}
 v - a scroll of enchant weapon {unknown}
 w - a scroll of noise {unknown}
Potions
 d - 2 potions of might
 h - a potion of ambrosia {unknown}
 k - 3 potions of curing {unknown}
 n - a potion of attraction {unknown}
 o - a potion of mutation {unknown}
 s - a potion of flight {unknown}
 t - a potion of berserk rage {unknown}
 u - a potion of resistance {unknown}
 x - a potion of cancellation {unknown}


   Skills:
 * Level 5.7 Fighting
 + Level 6.1 Axes
 + Level 5.8 Armour
 - Level 0.7 Dodging
 - Level 0.1 Stealth
 * Level 5.1 Shields


You had 6 spell levels left.
You didn't know any spells.
Your spell library contained the following spells:

 Spells                   Type           Power      Damage    Failure   Level
 Foxfire                  Conj/Fire      0%         2x1d4     86%         1
 Slow                     Hex            0%         N/A       86%         1
 Sublimation of Blood     Necr           0%         N/A       94%         2
 Wereblood                Tmut           0%         N/A       94%         2
 Confusing Touch          Hex            0%         N/A       99%         3
 Conjure Flame            Conj/Fire      0%         6-21      99%         3
 Inner Flame              Hex/Fire       0%         N/A       99%         3
 Portal Projectile        Hex/Tloc       0%         N/A       99%         3
 Tukima's Dance           Hex            0%         N/A       99%         3
 Vampiric Draining        Necr           0%         2d6       99%         3
 Flame Wave               Conj/Fire      0%         2d4       100%        4
 Blade Hands              Tmut           0%         N/A       100%        5
 Summon Hydra             Summ           0%         N/A       100%        7


Dungeon Overview and Level Annotations

Branches:
Dungeon (5/15)
 Temple: D:4-7

Altars:
Elyvilon

Annotations:
D:3 1 runed translucent door, Crazy Yiuf


Innate Abilities, Weirdness & Mutations

You have a pair of horns on your head.
You reflexively headbutt those who attack you in melee.


Message History

You headbutt the ice beast, but do no damage.
The ice beast is severely wounded.
The ice beast hits you but does no damage.
You barely miss the ice beast.
The ice beast is severely wounded.
The ice beast hits you. The ice beast freezes you!
You barely miss the ice beast.
The ice beast is severely wounded.
The ice beast completely misses you.
The ice beast hits you but does no damage.
You hit the ice beast but do no damage. You headbutt the ice beast.
The ice beast is severely wounded.
The ice beast hits you. The ice beast freezes you!
* * * LOW HITPOINT WARNING * * *
You barely miss the ice beast.
The ice beast is severely wounded.
The ice beast closely misses you.
You hit the ice beast.
The ice beast is severely wounded.
The ice beast closely misses you.
You closely miss the ice beast. Your headbutt misses the ice beast.
The ice beast is severely wounded.
You block the ice beast's attack.
You closely miss the ice beast. Your headbutt misses the ice beast.
The ice beast is severely wounded.
The ice beast hits you but does no damage.
The ice beast barely misses you.
You slash the ice beast!
You kill the ice beast!
Your Axes skill increases to level 6!
An ogre comes into view. It is wielding a +0 giant club.
An ogre is nearby!
An ogre is nearby!
The ogre shouts!
The ogre hits you but does no damage.
You hit the ogre. Your headbutt misses the ogre.
The ogre is lightly wounded.
The ogre hits you with a +0 giant club!!
Ouch! That really hurt!
You die...

#.#.......#
#.#.......#.....##
#.#.......#......
#.#..#...##.....#
#.#.####.##.....#
####........##.....#
...#.......###.....#
.♣...#.....# #..O..#
...#.#.....# #..@..#
####.#.....# #.....#
#.#.....###.....#
#.#.....††......#
#.#.....###.....#
#.#.....# #.....#
.#.....# #######
....#### #####


You could see an ogre.

Vanquished Creatures
  Sigmund (D:4)
  An ice beast (D:5)
  An ogre (D:4)
  2 scorpions
  A hound (D:4)
  Jessica (D:2)
  An iguana (D:4)
  4 adders
  An ufetubus (D:4)
  A worm (D:4)
  3 dart slugs (D:2)
  An orc (D:3)
  5 endoplasms
  7 giant cockroaches
  4 hobgoblins
  3 kobolds
  5 quokkas (D:1)
  3 ball pythons
  4 bats
  7 frilled lizards
  4 goblins
  5 rats
65 creatures vanquished.

Vanquished Creatures (others)
  23 plants (D:4)
23 creatures vanquished.

Grand Total: 88 creatures vanquished

Notes
Turn   | Place    | Note
-------+----------+-------------------------------------------
     0 | D:1      | GigaChad the Minotaur Fighter began the quest for the Orb.
     0 | D:1      | Reached XP level 1. HP: 19/19 MP: 0/0
    95 | D:1      | Reached XP level 2. HP: 22/27 MP: 1/1
   771 | D:1      | Reached XP level 3. HP: 25/33 MP: 2/2
  1172 | D:2      | Reached skill level 3 in Axes
  1233 | D:2      | Noticed Jessica
  1237 | D:2      | Killed Jessica
  1238 | D:2      | Reached XP level 4. HP: 33/40 MP: 3/3
  2296 | D:3      | Found a runed translucent door.
  2297 | D:3      | Noticed Crazy Yiuf
  2329 | D:4      | Reached skill level 4 in Axes
  2337 | D:4      | Noticed an ogre
  2342 | D:4      | Killed an ogre
  2343 | D:4      | Reached skill level 5 in Armour
  2343 | D:4      | Reached XP level 5. HP: 14/47 MP: 4/4
  2352 | D:4      | HP: 2/47 [hound (3)]
  2381 | D:4      | Noticed Sigmund
  2394 | D:4      | Killed Sigmund
  2395 | D:4      | Reached skill level 5 in Fighting
  2395 | D:4      | Reached skill level 5 in Axes
  2395 | D:4      | Reached XP level 6. HP: 5/56 MP: 5/5
  3660 | D:5      | Entered Level 5 of the Dungeon
  3679 | D:5      | Found a white marble altar of Elyvilon.
  3729 | D:5      | Reached skill level 5 in Shields
  3729 | D:5      | Reached XP level 7. HP: 25/61 MP: 6/6
  3787 | D:5      | Reached skill level 6 in Axes
  3841 | D:5      | Mangled by an ogre

Illustrated notes

Levels and vault maps discovered:
D:1:      spicycebolla_arrival_ecumenical, layout_rooms, minmay_quantized
D:2:      layout_loops_ring, nrook_uturn, uniq_jessica
D:3:      layout_loops_ring, uniq_crazy_yiuf_cottage
D:4:      layout_cave_pools, serial_bayou, serial_bayou_pond_e,
          serial_bayou_shore_a, serial_bayou_lake_a, serial_bayou_pond_b,
          serial_bayou_shore_b, uniq_sigmund
D:5:      gammafunk_steamed_eel, layout_basic, elyvilon_altar_1,
          serial_bayou_pond_e

Skill      XL: |  1  2  3  4  5  6  7 |
---------------+----------------------+-----
Fighting       | 4 5 |  5.7
Armour         | 4 5 |  5.8
Axes           | 3 4 5 6 |  6.1
Shields        | 4 5 |  5.1
Dodging        | |  0.7
Stealth        | |  0.1

Action                   |  1- 3 |  4- 6 |  7- 9 || total
-------------------------+-------+-------+-------++-------
Melee: War axe           |    54 |    72 |    14 ||   140
       Headbutt          |     6 |    14 |     4 ||    24
Armor: Scale mail        |    43 |    33 |     7 ||    83
Dodge: Dodged            |    40 |    37 |     6 ||    83
Block: Buckler           |    21 |    13 |     1 ||    35
